AoeStats
← AOELG_bravedave92

Black Forest

510055848Analyzed
2v2 RM · 5d ago on Sep 29, 2026· 34m 16s· 4 players
Game mode
Random Map
Map size
Medium (4 player)
Population
200
Speed
Normal
Resources
Standard
Victory
Conquest
Starting age
Dark Age
Ending age
Imperial Age
RankedLock teamsTeams togetherTeam positionsShared explorationLock speedFull tech treeHidden civsTurbo modeCheats
Victory
Defeat
🇯🇵 Goths · Japan
1286
+10
🇳🇿 Koreans · New Zealand
1177
+14
🇩🇪 Persians · Germany
1171
-13
🇨🇭 Mongols · Switzerland
1119
-11
Boar_Hunter_Victim
1:29 Loom
11:11 Feudal Age
11:48 Double-Bit Axe
13:13 Horse Collar
15:47 Fletching
17:51 Wheelbarrow
22:25 Castle Age
20:36 Stone Mining
21:19 Gold Mining
22:07 Scale Mail Armor
22:18 Forging
22:24 Arson
23:33 Bow Saw
23:54 Squires
24:11 Chain Mail Armor
23:53 Bodkin Arrow
25:58 Gold Shaft Mining
26:50 Iron Casting
27:12 Stone Shaft Mining
27:13 Heavy Plow
27:06 Town Watch
27:13 Crossbowman
34:37 Hand Cart
37:07 Imperial Age
34:53 Hand Cart
qinoa
1:00 Loom
14:51 Feudal Age
15:26 Double-Bit Axe
16:23 Man-at-Arms
17:04 Scale Mail Armor
17:48 Forging
23:26 Castle Age
21:47 Gold Mining
21:47 Horse Collar
22:11 Stone Mining
22:21 Fishing Lines
23:59 Wheelbarrow
23:10 Town Watch
23:29 Fletching
24:21 Bow Saw
23:38 Long Swordsman
24:43 Heavy Plow
25:32 Chain Mail Armor
27:22 Iron Casting
26:42 Bodkin Arrow
26:53 Bodkin Arrow
28:56 Squires
32:42 Pikeman
frickman
2:20 Loom
11:13 Feudal Age
12:10 Double-Bit Axe
17:43 Gold Mining
18:43 Fletching
18:54 Padded Archer Armor
20:41 Fishing Lines
27:11 Castle Age
27:01 Forging
26:57 Scale Barding Armor
27:44 Gillnets
29:36 Iron Casting
30:42 Bloodlines
31:29 Husbandry
31:51 Chain Barding Armor
34:56 Gold Shaft Mining
AOELG_bravedave92
1:22 Loom
11:05 Feudal Age
13:05 Double-Bit Axe
22:10 Castle Age
20:03 Fletching
21:00 Horse Collar
22:20 Padded Archer Armor
22:20 Elite Skirmisher
23:00 Bodkin Arrow
24:49 Wheelbarrow
25:28 Leather Archer Armor
27:57 Crossbowman
28:42 Thumb Ring
29:12 Hand Cart
30:29 Bow Saw
31:55 Thumb Ring
Connection lost

Rejoining the realm…

Still unreachable

The connection could not be restored.

Session expired

The server has moved on; the page needs a fresh start.